 Dungeon Crawl Stone Soup version 0.31.0-11-ge490571c62 (webtiles) character file.

Game seed: 9800179072125693246

12077 hawla the Cruncher (level 11, 0/60 HPs)
             Began as a Deep Elf Fire Elementalist on Feb 11, 2024.
             Slain by Urug
             ... wielding a +2 demon trident of flaming
              (7 damage)
             ... on level 10 of the Dungeon.
             The game lasted 00:31:14 (12096 turns).

hawla the Cruncher (Deep Elf Fire Elementalist)    Turns: 12096, Time: 00:31:14

Health: 0/60       AC: 10    Str:  5    XL:     11   Next: 57%
Magic:  14/27      EV: 18    Int: 25    God:
Gold:   342        SH:  5    Dex: 21    Spells: 20/30 levels left

rFire   + . .        l - +3 quarterstaff (chaos)
rCold   + . .        (shield currently unavailable)
rNeg    . . .        A - +1 robe {rF+}
rPois   .            t - +1 helmet
rElec   .            m - +0 cloak
rCorr   .            h - +0 pair of gloves
SInv    .            z - +2 pair of boots
Will    +....        r - amulet of reflection
Stlth   +++          c - +6 ring of dexterity
HPRegen 0.30/turn    o - ring of protection from cold
MPRegen 0.20/turn

%: reflection
@: studying Evocations
A: no striking features
a: no special abilities


You were on level 10 of the Dungeon.
You visited 1 branch of the dungeon, and saw 10 of its levels.

You collected 559 gold pieces.
You spent 217 gold pieces at shops.

Inventory:

Hand Weapons
 l - a +3 quarterstaff of chaos (weapon)
Armour
 h - a +0 pair of gloves (worn)
 m - a +0 cloak (worn)
 t - a +1 helmet (worn)
 v - a +1 robe of willpower
 z - a +2 pair of boots (worn)
 A - a +1 robe of fire resistance (worn)
 E - a +1 robe of cold resistance
Jewellery
 c - a +6 ring of dexterity (left hand)
 i - a ring of wizardry
 o - a ring of protection from cold (right hand)
 r - an amulet of reflection (around neck)
 B - a ring of ice
 C - a +6 ring of dexterity
Wands
 e - a wand of flame (35)
 g - a wand of polymorph (8)
 s - a wand of iceblast (10)
 u - a wand of paralysis (24) (quivered)
 y - a wand of digging (6)
Scrolls
 b - 2 scrolls of immolation
 d - 2 scrolls of vulnerability
 p - a scroll of fog
 q - a scroll of fear
 D - 2 scrolls of identify
Potions
 a - 2 potions of brilliance
 f - 3 potions of haste
 j - a potion of enlightenment
 k - a potion of curing
 n - a potion of magic
 w - a potion of might
 x - 4 potions of ambrosia


   Skills:
 - Level 3.0 Fighting
 + Level 11.9 Staves
 - Level 9.0 Dodging
 - Level 3.0 Stealth
 - Level 10.0 Spellcasting
 - Level 3.0 Conjurations
 - Level 5.0 Hexes
 - Level 6.0 Fire Magic
 - Level 7.0 Evocations


You had 20 spell levels left.
You knew the following spells:

 Your Spells              Type           Power      Damage    Failure   Level
a - Foxfire               Conj/Fire      100%       2x1d9     1%          1
b - Scorch                Fire           84%        2d8       1%          2
c - Flame Wave            Conj/Fire      35%        2d10      8%          4
d - Tukima's Dance        Hex            37%        N/A       1%          3

Your spell library contained the following spells:

 Spells                   Type           Power      Damage    Failure   Level
 Confusing Touch          Hex            37%        N/A       1%          3
 Inner Flame              Hex/Fire       40%        N/A       1%          3
 Kiss of Death            Conj/Necr      80%        2d11      2%          1
 Volatile Blastmotes      Fire/Tloc      54%        2d14      4%          3
 Lesser Beckoning         Tloc           24%        N/A       8%          2
 Gell's Gravitas          Tloc           12%        N/A       14%         3
 Teleport Other           Tloc           12%        N/A       14%         3
 Dimensional Bullseye     Hex/Tloc       12%        N/A       17%         4
 Iskenderun's Mystic Bla  Conj/Tloc      20%        2d6       26%         4
 Dispel Undead            Necr           12%        3d9       43%         4


Dungeon Overview and Level Annotations

Branches:
Dungeon (10/15)            Temple (0/1) D:7            Lair (0/5) D:8
    Orc (0/2) D:10

Altars:
Fedhas
Gozag
Kikubaaqudgha
Makhleb
Qazlal

Shops:
D:1 [   D:10 *

Annotations:
D:9 2 transporters
D:10 Urug


Message History

Urug is moderately wounded.
Urug's fire resistance burns away.
The foxfire hits Urug!
Urug is burned terribly!
Urug is heavily wounded.
The foxfire hits Urug but does no damage.
Urug is heavily wounded.
Casting: Scorch (safe; 1% risk of failure)
Confirm with . or Enter, or press ? or * to list all spells.
Flames lash Urug.
Urug is burned terribly!
Urug is heavily wounded.
You block Urug's attack.
Casting: Scorch (safe; 1% risk of failure)
Confirm with . or Enter, or press ? or * to list all spells.
Flames lash Urug.
Urug is burned terribly!
Urug is almost dead.
Urug hits you from afar with a +2 demon trident of flaming!!
Urug burns you.
Casting: Scorch (safe; 1% risk of failure)
Confirm with . or Enter, or press ? or * to list all spells.
You conjure some foxfire!
Urug throws a javelin.
The javelin pierces through you!!
* * * LOW HITPOINT WARNING * * *
You feel better.
The foxfire hits Urug but does no damage.
Urug is severely wounded.
The foxfire hits Urug but does no damage.
Urug is severely wounded.
Urug throws a javelin.
The javelin pierces through you but does no damage.
Casting: Foxfire (safe; 1% risk of failure)
Confirm with . or Enter, or press ? or * to list all spells.
Flames lash Urug.
Urug is burned terribly!
Urug is almost dead.
Urug hits you from afar with a +2 demon trident of flaming!
* * * LOW HITPOINT WARNING * * *
Unknown command.
Char dumped successfully.
Urug hits you with a +2 demon trident of flaming!
You die...
Urug screams, "Revenge at last!"

#.# ...........###...#....
###.## #.................#
#....# #.P.......###...#..##
#....# #.P.......# #.......#
#....# #.P.......####(#....#
#....# #.P.................#
#....# #......##.#....#.....
####....# #...o.....#....##....
#.......# #.#.@..........##....
#.......###.#.................#
#...........#.###.#.#######....
#####.......#.# #.#...........#
#.........# ....#####......
#.........##....# #......
#........###....# #......
#.......## #.... #......
#.......# #......


You could see Urug (combustible).

Vanquished Creatures
  Fannar (D:10)
  3 two-headed ogres
  Joseph (D:9)
  Maggie (D:9)
  A rime drake (D:8)
  A komodo dragon (D:9)
  A queen bee (D:9)
  2 trolls
  A polar bear (D:8)
  Grinder (D:3)
  2 hornets
  6 yaks (D:9)
  2 wyverns
  2 wargs (D:10)
  A steam dragon (D:8)
  2 vampire mosquitoes (D:10)
  Menkaure (D:7)
  An acid dragon (D:10)
  A water moccasin (D:7)
  2 orc warriors
  4 ice beasts
  3 wolves (D:8)
  A phantom (D:7)
  Blork the orc (D:6)
  3 bullfrogs
  2 kobold brigands (D:9)
  3 scorpions (D:6)
  A gnoll sergeant (D:7)
  13 wights
  33 killer bees
  4 howler monkeys
  5 electric eels (D:9)
  A bombardier beetle (D:6)
  5 orc priests
  A gnoll bouda (D:9)
  Crazy Yiuf (D:3)
  3 hounds
  4 jellies
  A sleepcap (D:8)
  6 iguanas
  4 orc wizards
  Robin (D:3)
  8 adders
  13 gnolls
  A shadow imp (D:7)
  5 white imps
  2 dart slugs (D:3)
  2 ribbon worms
  21 orcs
  6 endoplasms
  7 giant cockroaches
  15 goblins
  12 hobgoblins
  13 jackals
  3 quokkas
  4 ball pythons
  9 bats
  10 frilled lizards
  20 kobolds
  12 rats
296 creatures vanquished.

Vanquished Creatures (collateral kills)
  A foxfire (D:9)
1 creature vanquished.

Vanquished Creatures (others)
  610 foxfires
610 creatures vanquished.

Grand Total: 907 creatures vanquished

Notes
Turn   | Place    | Note
-------+----------+-------------------------------------------
     0 | D:1      | hawla the Deep Elf Fire Elementalist began the quest for
                  | the Orb.
     0 | D:1      | Reached XP level 1. HP: 10/10 MP: 6/6
   121 | D:1      | Reached skill level 1 in Fighting
   130 | D:1      | Found Cecoen's Armour Shoppe.
   260 | D:1      | Reached XP level 2. HP: 16/16 MP: 5/8
   597 | D:1      | Learned a level 2 spell: Scorch
   702 | D:1      | Reached XP level 3. HP: 20/20 MP: 5/9
  1359 | D:2      | Reached XP level 4. HP: 25/25 MP: 1/10
  2028 | D:2      | Reached skill level 5 in Fire Magic
  2105 | D:2      | Reached XP level 5. HP: 22/29 MP: 5/11
  2491 | D:3      | Noticed Robin
  2512 | D:3      | Killed Robin
  2721 | D:3      | Noticed Grinder
  2727 | D:3      | Killed Grinder
  2728 | D:3      | Reached XP level 6. HP: 34/34 MP: 3/12
  2808 | D:3      | Found an ancient bone altar of Kikubaaqudgha.
  3174 | D:3      | Found a runed translucent door.
  3175 | D:3      | Noticed Crazy Yiuf
  3544 | D:3      | Killed Crazy Yiuf
  3643 | D:4      | Learned a level 4 spell: Flame Wave
  4189 | D:5      | Entered Level 5 of the Dungeon
  4189 | D:5      | Found a burning altar of Makhleb.
  4199 | D:5      | Reached XP level 7. HP: 34/38 MP: 9/13
  4417 | D:5      | Reached skill level 5 in Dodging
  5214 | D:5      | Reached skill level 5 in Evocations
  5523 | D:1      | Bought a +1 robe of fire resistance for 152 gold pieces
  5708 | D:6      | Reached XP level 8. HP: 43/43 MP: 10/14
  5782 | D:6      | Noticed Blork the orc
  5793 | D:6      | Killed Blork the orc
  5934 | D:6      | Learned a level 3 spell: Tukima's Dance
  6239 | D:6      | Reached skill level 5 in Spellcasting
  6496 | D:6      | Found a blossoming altar of Fedhas.
  6818 | D:7      | Noticed Menkaure
  6822 | D:7      | Killed Menkaure
  6932 | D:7      | Reached XP level 9. HP: 47/47 MP: 18/23
  7231 | D:7      | Reached skill level 10 in Spellcasting
  7374 | D:7      | Found a staircase to the Ecumenical Temple.
  7743 | D:8      | Reached skill level 1 in Hexes
  7766 | D:8      | Noticed a polar bear
  7896 | D:8      | Reached skill level 5 in Hexes
  7957 | D:8      | Killed a polar bear
  8248 | D:8      | Noticed a rime drake
  8254 | D:8      | Killed a rime drake
  8255 | D:8      | Reached skill level 1 in Staves
  8255 | D:8      | Reached XP level 10. HP: 43/56 MP: 18/26
  8257 | D:8      | Found a staircase to the Lair.
  8607 | D:9      | Reached skill level 2 in Staves
  9013 | D:9      | Reached skill level 3 in Staves
  9037 | D:9      | Reached skill level 4 in Staves
  9276 | D:9      | Found a transporter.
  9276 | D:9      | Found a transporter.
  9277 | D:9      | Noticed a boulder beetle
  9315 | D:9      | Noticed a two-headed ogre
  9327 | D:9      | Killed a two-headed ogre
  9328 | D:9      | Reached skill level 5 in Staves
  9448 | D:9      | Reached skill level 6 in Staves
  9455 | D:9      | Reached skill level 7 in Staves
  9596 | D:9      | Reached skill level 8 in Staves
  9826 | D:9      | Noticed a two-headed ogre
  9831 | D:9      | Killed a two-headed ogre
  9832 | D:9      | Reached skill level 9 in Staves
  9889 | D:9      | Noticed Maggie
 10051 | D:9      | Killed Maggie
 10052 | D:9      | Reached XP level 11. HP: 60/60 MP: 15/27
 10126 | D:9      | Noticed Joseph
 10143 | D:9      | Killed Joseph
 10508 | D:9      | Reached skill level 10 in Staves
 10820 | D:9      | Found an opulent altar of Gozag.
 11001 | D:10     | Entered Level 10 of the Dungeon
 11193 | D:10     | Found a stormy altar of Qazlal.
 11253 | D:10     | Noticed a two-headed ogre
 11263 | D:10     | Killed a two-headed ogre
 11264 | D:10     | Reached skill level 11 in Staves
 11276 | D:10     | Noticed Urug
 11496 | D:10     | Found a staircase to the Orcish Mines.
 11891 | D:10     | Found Musseva's General Store.
 11897 | D:10     | Bought a potion of curing for 39 gold pieces
 11897 | D:10     | Bought a scroll of identify for 26 gold pieces
 11963 | D:10     | Noticed Fannar
 11976 | D:10     | Killed Fannar
 12096 | D:10     | Slain by Urug

Illustrated notes

Levels and vault maps discovered:
D:1:      tekkud_arrival_beachfront_property, layout_loops_ring, serial_shops,
          shop
D:2:      cheibrodos_pilgrimage, layout_rooms, minmay_misc_feat_diagonals
D:3:      layout_basic, kiku_gazebo_pond_becter, serial_rivers,
          chequers_serial_rivers_micro_d, chequers_serial_rivers_marsh,
          chequers_serial_rivers_large_a, chequers_serial_rivers_small_b,
          st_stairs_1, uniq_crazy_yiuf_cottage, uniq_grinder, uniq_robin
D:4:      layout_basic
D:5:      layout_cave_pools, mainiacjoe_overflow_catwalk, minmay_pentangle
D:6:      layout_loops_cross, mainiacjoe_overflow_surrounded_room,
          uniq_blork_the_orc
D:7:      layout_cave_pods, minmay_temple_entry_nine_rooms, uniq_menkaure
D:8:      layout_rooms, hellmonk_lair_entry_icy, minmay_manual_moon
D:9:      gammafunk_boulding_lane, layout_loops_ring,
          lemuel_coloured_pillars_altar, special_room [special_room_bee],
          chequers_big_river, minmay_lizard_king, uniq_maggie, uniq_joseph
D:10:     layout_basic, mainiacjoe_overflow_boulevard, david_orc_1_choice,
          serial_shops, shop, uniq_urug, uniq_fannar

Skill      XL: |  1  2  3  4  5  6  7  8  9 10 11 |
---------------+----------------------------------+-----
Fighting       | 1 3 |  3.0
Stealth        | 3 |  3.0
Conjurations   | 2 3 |  3.0
Fire Magic     | 5 6 |  6.0
Dodging        | 4 6 7 9 |  9.0
Evocations     | 2 3 5 7 |  7.0
Spellcasting   | 8 10 | 10.0
Hexes          | 5 |  5.0
Staves         | 1 9 11 | 11.9

Action                     |  1- 3 |  4- 6 |  7- 9 | 10-12 || total
---------------------------+-------+-------+-------+-------++-------
  Melee: Unarmed           |     4 |     4 |       |       ||     8
         Punch             |       |     1 |       |       ||     1
         Quarterstaff      |       |     6 |    86 |    88 ||   180
   Cast: Foxfire           |    52 |    74 |   105 |   129 ||   360
         Scorch            |     9 |    40 |    59 |    63 ||   171
         Flame Wave        |       |       |     4 |    14 ||    18
         Tukima's Dance    |       |       |       |     3 ||     3
  Evoke: Wand              |       |       |       |     5 ||     5
    Use: Scroll            |       |     6 |    11 |     6 ||    23
         Potion            |       |     3 |     2 |     6 ||    11
   Stab: Sleeping          |       |       |     1 |     2 ||     3
         Paralysed         |       |       |       |     1 ||     1
 Armour: Robe              |    16 |    37 |    96 |   100 ||   249
         Skin              |       |       |       |    26 ||    26
  Dodge: Dodged            |    16 |    52 |   128 |   163 ||   359
  Block: Other             |       |       |       |     6 ||     6
